 Dungeon Crawl Stone Soup version 0.31.0-11-ge490571c62 (webtiles) character file.

Game seed: 1453247779721897396

7926 qw the Nimble (level 11, -7/55 HPs)
             Began as a Spriggan Hunter on Feb 4, 2024.
             Was a Believer of Okawaru.
             Mangled by a killer bee (8 damage)
             ... on level 11 of the Dungeon.
             The game lasted 00:00:45 (7991 turns).

qw the Nimble (Spriggan Hunter)                     Turns: 7991, Time: 00:00:46

Health: -7/55      AC:  2    Str:  6    XL:     11   Next: 3%
Magic:  15/15      EV: 33    Int:  8    God:    Okawaru [**....]
Gold:   1142       SH:  0    Dex: 27    Spells: 10/10 levels left

rFire   . . .        d - +0 arbalest
rCold   . . .        (shield currently unavailable)
rNeg    . . .        c - +0 robe
rPois   +            (helmet restricted)
rElec   .            m - scarf {repulsion}
rCorr   .            (gloves unavailable)
SInv    +            (boots unavailable)
Will    +....        e - amulet of the acrobat
Stlth   +++          g - ring of poison resistance
HPRegen 0.29/turn    k - +4 ring of slaying {mikee}
MPRegen 0.14/turn

%: repel missiles, acrobat
@: very quick
A: very small, no large weapons, unfitting armour, see invisible, speed 3, agile
1, dopey 1, noise suppression
a: Renounce Religion, Heroism


You were on level 11 of the Dungeon.
You worshipped Okawaru.
Okawaru was pleased with you.
You visited 2 branches of the dungeon, and saw 12 of its levels.

You collected 1142 gold pieces.


Innate Abilities, Weirdness & Mutations

You are very small and have problems with some larger weapons.
You are too small for most types of armour.
You have supernaturally acute eyesight. (SInv)
You cover ground extremely quickly. (Speed+++)
You are agile. (Dex +4, Str/Int -1)
You are dopey. (Int -2)
You passively dampen the noise of your surroundings.


   Skills:
 - Level 5.0 Fighting
 - Level 12.1 Ranged Weapons
 + Level 13.7 Dodging
 - Level 1.5 Stealth
 - Level 4.1 Invocations


You had 10 spell levels left.
You didn't know any spells.
Your spell library was empty.

Inventory:

Hand Weapons
 d - a +0 arbalest (weapon)
Armour
 c - a +0 robe (worn)
 m - a scarf of repulsion (worn)
Jewellery
 e - an amulet of the acrobat (around neck)
 g - a ring of poison resistance (left hand)
 k - a +4 ring of slaying (right hand) {mikee}
 Y - the ring of Finality {rC- Int+2 Dex+6 SInv}
   (You found it on level 2 of the Dungeon)

   [ring of dexterity]

   Int+2:     It affects your intelligence (+2).
   Dex+6:     It affects your dexterity (+6).
   rC-:       It makes you vulnerable to cold.
   SInv:      It lets you see invisible.
Wands
 o - a wand of acid (14)
Potions
 f - 6 potions of curing
 i - 2 potions of resistance
 j - a potion of mutation
 l - a potion of cancellation

Dungeon Overview and Level Annotations

Branches:
Dungeon (11/15)            Temple (1/1) D:7
   Lair: D:8-11         Orc: D:9-12

Altars:
Ashenzari
Cheibriados
Dithmenos
Elyvilon
Fedhas
Gozag
Hepliaklqana
Kikubaaqudgha
Makhleb
Nemelex Xobeh
Okawaru
Qazlal
Ru
Sif Muna
Trog
Uskayaw
Vehumet
Wu Jian
Xom
Yredelemnul
Zin
The Shining One

Shops:
D:2 [

Annotations:
D:3 1 runed translucent door, Crazy Yiuf
D:7 1 runed translucent door, qw's ghost, novice DEHu
D:10 4 transporters


Message History

The killer bee completely misses you. The killer bee barely misses you.
The killer bee completely misses you. The hound misses you.
The killer bee misses you.
The killer bee completely misses you. x2
You shoot a bolt. The bolt hits the hound!
The hound is severely wounded.
The killer bee completely misses you. x3; The hound completely misses you.
The killer bee completely misses you. x2; The killer bee barely misses you.
The hound completely misses you.
You shoot a bolt. The bolt hits the hound!!
You kill the hound!
Okawaru accepts your kill.
The killer bee completely misses you. x5; The killer bee closely misses you.
You shoot a bolt. The bolt barely misses the killer bee.
You feel like a meek peon again. The killer bee closely misses you.
The killer bee completely misses you. The killer bee closely misses you.
The killer bee stings you.
The killer bee completely misses you. x2
You shoot a bolt. The bolt hits the killer bee.
The killer bee is lightly wounded.
The killer bee completely misses you. x6
You shoot a bolt. The bolt hits the killer bee!!
You kill the killer bee!
Okawaru accepts your kill.
The killer bee completely misses you. x2; The killer bee misses you. x2
The killer bee completely misses you. x3
Your Fighting skill increases to level 5!
You shoot a bolt. The bolt hits the killer bee!!
You kill the killer bee!
Okawaru accepts your kill. The killer bee completely misses you.
The killer bee misses you. The killer bee stings you!
The killer bee stings you. The killer bee completely misses you.
You shoot a bolt. The bolt misses the killer bee.
The killer bee completely misses you. x5
You shoot a bolt. The bolt hits the killer bee.
The killer bee is moderately wounded.
The killer bee stings you but does no damage.
The killer bee stings you. The killer bee completely misses you.
The killer bee stings you!
You die...

#....... .^..
##.......
....... .#......
......~ .......#
...../~ #....##
..~~~~.
#....###...~~~~
#..........~~~~
##y%.....~~~h.~
#@..%.<..~~~..
##y.....~~~.~.
#......~..~~..
#...#.....~~h.~
....#...#..~~~..
.......##...~~~~
..#....# ...~~~~
#.... ..~~~~~


You could see 2 killer bees.

Vanquished Creatures
  A two-headed ogre (D:10)
  Psyche (D:8)
  A hornet (D:9)
  A shadow (D:10)
  3 wraiths
  3 wyverns
  6 yaks
  A basilisk (D:10)
  2 steam dragons
  Grum (D:10)
  An acid dragon (D:7)
  A water moccasin (D:9)
  4 orc warriors
  5 sky beasts
  A black bear (D:4)
  An ice beast (D:4)
  5 wolves
  2 centaurs
  5 kobold brigands
  A scorpion (D:5)
  4 bullfrogs
  3 wights (D:9)
  14 killer bees
  2 howler monkeys (D:8)
  A bombardier beetle (D:4)
  A gnoll bouda (D:8)
  3 jellies
  8 orc priests
  8 hounds
  A sleepcap (D:4)
  Terence (D:2)
  7 iguanas
  4 orc wizards
  7 gnolls
  8 adders
  A white imp (D:7)
  6 dart slugs
  27 orcs
  A bat (D:1)
  3 endoplasms
  3 giant cockroaches
  7 goblins
  11 hobgoblins
  4 jackals (D:2)
  22 kobolds
  3 quokkas
  2 ball pythons (D:1)
  4 frilled lizards
  3 rats
215 creatures vanquished.

Vanquished Creatures (others)
  A hobgoblin (D:1)
1 creature vanquished.

Grand Total: 216 creatures vanquished

Notes
Turn   | Place    | Note
-------+----------+-------------------------------------------
     0 | D:1      | qw the Spriggan Hunter began the quest for the Orb.
     0 | D:1      | Reached XP level 1. HP: 10/10 MP: 2/2
     0 | D:1      | 0 ||| qw: Version: 0.3-a-160-g6735b56
     0 | D:1      | 0 ||| qw: Game counter: 5628
     0 | D:1      | 0 ||| qw: Melee chars always use a shield: true
     0 | D:1      | 0 ||| qw: God list: Okawaru
     0 | D:1      | 0 ||| qw: Allow faded altars: false
     0 | D:1      | 0 ||| qw: Do Orc after clearing Dungeon:15 true
     0 | D:1      | 0 ||| qw: Do second Lair branch before Depths: true
     0 | D:1      | 0 ||| qw: Lair rune preference: random
     0 | D:1      | 0 ||| qw: Goals: Normal
     0 | D:1      | 0 ||| PLANNING D:1-11
    25 | D:1      | Reached skill level 3 in Dodging
    57 | D:1      | Reached XP level 2. HP: 14/14 MP: 3/3
    66 | D:1      | Reached skill level 4 in Dodging
   368 | D:1      | Found a faded altar of an unknown god.
   388 | D:1      | Reached XP level 3. HP: 18/18 MP: 4/4
   525 | D:1      | 525 ||| READING scroll labelled DEULIS YDOYJEC.
   526 | D:1      | 526 ||| READING scroll labelled EWARUN XUSTRIRA.
   526 | D:1      | 526 ||| ENCHANTING +0 shortbow.
   527 | D:1      | 527 ||| READING scroll labelled EGEYCLOIQIX.
   528 | D:1      | 528 ||| READING scroll labelled QOUPUV SYLOLOD.
   529 | D:1      | 529 ||| DRINKING 2 smoky grey potions.
   530 | D:1      | 530 ||| DROPPING scroll of butterflies.
   597 | D:2      | Identified the ring of Finality {rC- Int+2 Dex+6 SInv}
   669 | D:2      | Noticed Terence
   675 | D:2      | Killed Terence
   676 | D:2      | Reached XP level 4. HP: 22/22 MP: 5/5
   797 | D:2      | Found Qawniet's Armour Emporium.
   902 | D:2      | 902 ||| READING scroll of enchant weapon.
   902 | D:2      | 902 ||| ENCHANTING +1 shortbow.
  1165 | D:2      | 1165 ||| UPGRADING to amulet of the acrobat.
  1170 | D:2      | 1170 ||| UPGRADING to ring of Finality {rC- Int+2 Dex+6
                  | SInv}.
  1171 | D:2      | 1171 ||| READING 2 scrolls labelled QEIPOR TAOLL.
  1171 | D:2      | 1171 ||| IDENTIFYING purple potion
  1172 | D:2      | 1172 ||| READING scroll of identify.
  1172 | D:2      | 1172 ||| IDENTIFYING fizzy green potion
  1173 | D:2      | 1173 ||| DRINKING 3 bubbling pink potions.
  1174 | D:2      | 1174 ||| DROPPING potion of lignification.
  1206 | D:3      | Found a runed translucent door.
  1207 | D:3      | Noticed Crazy Yiuf
  1326 | D:3      | Reached skill level 5 in Dodging
  1403 | D:3      | Reached XP level 5. HP: 25/25 MP: 6/6
  1447 | D:3      | Found a broken altar of Ashenzari.
  1696 | D:3      | 1696 ||| READING scroll of identify.
  1696 | D:3      | 1696 ||| IDENTIFYING amethyst potion
  1697 | D:3      | 1697 ||| READING scroll labelled MOINUI GETORAA.
  1698 | D:3      | 1698 ||| READING 3 scrolls labelled ECOHEI WEAP.
  1699 | D:3      | 1699 ||| DRINKING 3 metallic yellow potions.
  1699 | D:3      | Gained mutation: You have sharp fingernails. [potion of
                  | mutation]
  1699 | D:3      | Gained mutation: You are dopey. (Int -2) [potion of
                  | mutation]
  1699 | D:3      | Gained mutation: You occasionally lose the ability to drink
                  | potions when taking damage. [potion of mutation]
  1700 | D:3      | 1700 ||| DRINKING 2 potions of mutation.
  1700 | D:3      | Lost mutation: You have sharp fingernails. [potion of
                  | mutation]
  1700 | D:3      | Lost mutation: You occasionally lose the ability to drink
                  | potions when taking damage. [potion of mutation]
  1700 | D:3      | Gained mutation: You are agile. (Dex +4, Str/Int -1)
                  | [potion of mutation]
  1700 | D:3      | Gained mutation: You passively dampen the noise of your
                  | surroundings. [potion of mutation]
  1701 | D:3      | 1701 ||| DROPPING 2 scrolls of immolation.
  1702 | D:3      | 1702 ||| DROPPING potion of berserk rage.
  1827 | D:4      | Reached skill level 6 in Dodging
  1980 | D:4      | Found a radiant altar of Vehumet.
  1985 | D:4      | Noticed a black bear
  1991 | D:4      | Killed a black bear
  1992 | D:4      | Reached skill level 7 in Dodging
  1992 | D:4      | Reached XP level 6. HP: 30/30 MP: 7/7
  1994 | D:4      | Noticed an ice beast
  2005 | D:4      | Killed an ice beast
  2119 | D:4      | Reached skill level 6 in Ranged Weapons
  2569 | D:4      | 2569 ||| UPGRADING to +4 ring of slaying {mikee}.
  2570 | D:4      | 2570 ||| READING 3 scrolls of identify.
  2570 | D:4      | 2570 ||| IDENTIFYING smoky clear potion
  2571 | D:4      | 2571 ||| READING 2 scrolls of identify.
  2571 | D:4      | 2571 ||| IDENTIFYING scroll labelled JEUSISEDUA
  2571 | D:4      | Identified a scroll of acquirement
  2572 | D:4      | 2572 ||| READING scroll of acquirement.
  2572 | D:4      | 2572 ||| ACQUIRING +2 shortbow of freezing
  2572 | D:4      | Acquired a +2 shortbow of freezing
  2574 | D:4      | 2574 ||| SWAPPING to +2 shortbow of freezing.
  2575 | D:4      | 2575 ||| DROPPING +2 shortbow.
  2576 | D:4      | 2576 ||| READING scroll of identify.
  2576 | D:4      | 2576 ||| IDENTIFYING scroll labelled BOPOEHAUMU
  2577 | D:4      | 2577 ||| DROPPING scroll of torment.
  2578 | D:4      | 2578 ||| DROPPING potion of attraction.
  2606 | D:5      | Entered Level 5 of the Dungeon
  2616 | D:5      | Reached skill level 8 in Dodging
  2616 | D:5      | Reached XP level 7. HP: 35/35 MP: 8/8
  2784 | D:5      | 2784 ||| FLEEEEING.
  2939 | D:5      | You fall into a shaft and drop 3 floors!
  2941 | D:8      | 2941 ||| DRINKING 2 blue potions.
  2942 | D:8      | 2942 ||| DROPPING potion of magic.
  3066 | D:6      | Found a glowing golden altar of the Shining One.
  3085 | D:7      | Found a shadowy altar of Dithmenos.
  3116 | D:7      | 3116 ||| FLEEEEING.
  3117 | D:7      | 3117 ||| FLEEEEING.
  3118 | D:7      | 3118 ||| FLEEEEING.
  3119 | D:7      | 3119 ||| FLEEEEING.
  3120 | D:7      | 3120 ||| FLEEEEING.
  3121 | D:7      | 3121 ||| FLEEEEING.
  3122 | D:7      | 3122 ||| FLEEEEING.
  3123 | D:7      | 3123 ||| STAIRDANCE
  3245 | D:7      | Found a hazy altar of Hepliaklqana.
  3251 | D:7      | Reached skill level 9 in Dodging
  3251 | D:7      | Found a snail-covered altar of Cheibriados.
  3267 | D:7      | Reached XP level 8. HP: 39/39 MP: 9/9
  3272 | D:7      | 3272 ||| SWAPPING to +0 orcbow.
  3273 | D:7      | 3273 ||| DROPPING +2 shortbow of freezing.
  3338 | D:7      | 3338 ||| UPGRADING to scarf of repulsion.
  3343 | D:7      | 3343 ||| DROPPING ring of resist corrosion.
  3344 | D:7      | 3344 ||| READING 2 scrolls labelled VOUSHYGAOR.
  3445 | D:7      | 3445 ||| DROPPING scroll of vulnerability.
  3513 | D:5      | Reached skill level 3 in Fighting
  3788 | D:6      | Reached skill level 10 in Dodging
  3844 | D:6      | Reached skill level 9 in Ranged Weapons
  3916 | D:6      | Found an opulent altar of Gozag.
  3968 | D:6      | Reached XP level 9. HP: 44/44 MP: 10/10
  3981 | D:6      | Reached skill level 11 in Dodging
  4090 | D:6      | 4090 ||| SWAPPING to +0 arbalest.
  4093 | D:6      | Reached skill level 12 in Dodging
  4093 | D:6      | 4093 ||| DROPPING +0 orcbow.
  4488 | D:6      | 4488 ||| READING 2 scrolls of identify.
  4488 | D:6      | 4488 ||| IDENTIFYING cyan potion
  4489 | D:6      | 4489 ||| READING scroll of identify.
  4489 | D:6      | 4489 ||| IDENTIFYING murky blue potion
  4490 | D:6      | 4490 ||| DROPPING potion of degeneration.
  4491 | D:6      | 4491 ||| DROPPING wand of flame (17).
  4492 | D:6      | 4492 ||| DROPPING potion of brilliance.
  4634 | D:7      | Found a runed translucent door.
  4640 | D:7      | Noticed qw's ghost (novice DEHu)
  4648 | D:7      | Found a staircase to the Ecumenical Temple.
  4649 | D:7      | 4649 ||| PLANNING TEMPLE
  4657 | Temple   | Entered the Ecumenical Temple
  4658 | Temple   | 4658 ||| PLANNING D:1-11
  4688 | D:6      | 4688 ||| Stepping randomly (stuck).
  4762 | D:7      | Found an ancient bone altar of Kikubaaqudgha.
  4766 | D:7      | Found a blossoming altar of Fedhas.
  5140 | D:8      | 5140 ||| RETREEEEATING.
  5141 | D:8      | 5141 ||| RETREEEEATING.
  5166 | D:8      | HP: 9/44 [poisoned by a kobold brigand]
  5167 | D:8      | 5167 ||| DRINKING 2 potions of heal wounds.
  5652 | D:8      | Noticed Psyche
  5658 | D:8      | Killed Psyche
  5945 | D:8      | 5945 ||| READING 2 scrolls of identify.
  5945 | D:8      | 5945 ||| IDENTIFYING scroll labelled ITWUNN KIEKU
  5946 | D:8      | 5946 ||| DROPPING scroll of blinking.
  5988 | D:9      | Reached skill level 13 in Dodging
  6042 | D:9      | Reached XP level 10. HP: 42/50 MP: 11/11
  6100 | D:9      | Found an iron altar of Okawaru.
  6101 | D:9      | 6101 ||| PLANNING OKAWARU WORSHIP
  6109 | D:9      | Found a glowing silver altar of Zin.
  6144 | D:9      | Became a worshipper of Warmaster Okawaru
  6145 | D:9      | 6145 ||| PLANNING D:1-11
  6226 | D:9      | 6226 ||| Stepping ~*~*~tactically~*~*~ (cloud).
  6229 | D:9      | 6229 ||| Stepping ~*~*~tactically~*~*~ (cloud).
  6230 | D:9      | 6230 ||| Stepping ~*~*~tactically~*~*~ (cloud).
  6234 | D:9      | 6234 ||| Stepping ~*~*~tactically~*~*~ (cloud).
  6430 | D:9      | Reached * piety under Okawaru
  6456 | D:9      | 6456 ||| INVOKING Heroism.
  6733 | D:9      | Reached skill level 1 in Invocations
  6868 | D:9      | 6868 ||| UPGRADING to ring of poison resistance.
  6870 | D:9      | 6870 ||| READING scroll of identify.
  6870 | D:9      | 6870 ||| IDENTIFYING viscous green potion
  6907 | D:10     | Entered Level 10 of the Dungeon
  6934 | D:10     | Found a transporter.
  6942 | D:10     | Found a transporter.
  6944 | D:10     | Found a transporter.
  6966 | D:10     | Found a transporter.
  7011 | D:10     | 7011 ||| RETREEEEATING.
  7075 | D:10     | 7075 ||| READING scroll of acquirement.
  7075 | D:10     | 7075 ||| ACQUIRING 610 gold pieces
  7075 | D:10     | Acquired 610 gold pieces
  7184 | D:10     | Reached ** piety under Okawaru
  7185 | D:10     | Reached skill level 3 in Invocations
  7195 | D:10     | Noticed Grum
  7200 | D:10     | Killed Grum
  7420 | D:10     | Noticed a two-headed ogre
  7421 | D:10     | 7421 ||| INVOKING Heroism.
  7425 | D:10     | Killed a two-headed ogre
  7426 | D:10     | Reached skill level 12 in Ranged Weapons
  7633 | D:10     | Found a stormy altar of Qazlal.
  7694 | D:10     | Found a basalt altar of Yredelemnul.
  7819 | D:10     | 7819 ||| READING scroll labelled RODIGR GATA.
  7952 | D:11     | 7952 ||| RETREEEEATING.
  7954 | D:11     | 7954 ||| RETREEEEATING.
  7955 | D:11     | 7955 ||| RETREEEEATING.
  7956 | D:11     | 7956 ||| RETREEEEATING.
  7957 | D:11     | 7957 ||| RETREEEEATING.
  7960 | D:11     | 7960 ||| INVOKING Heroism.
  7976 | D:11     | Reached XP level 11. HP: 17/54 MP: 15/15
  7976 | D:11     | HP: 8/54 [killer bee (8)]
  7977 | D:11     | 7977 ||| DRINKING potion of heal wounds.
  7982 | D:11     | HP: 12/54 [killer bee (8)]
  7989 | D:11     | HP: 4/55 [killer bee (8)]
  7991 | D:11     | HP: 1/55 [killer bee (1)]
  7991 | D:11     | Mangled by a killer bee

Levels and vault maps discovered:
D:1:      nzn_arrival_settlement, layout_rooms,
          shapermc_ecumenical_altar_totnotflames, lemuel_flame_loot_1
D:2:      layout_loops_ring, serial_shops, shop, minivault_24, uniq_terence
D:3:      layout_rooms, mainiacjoe_overflow_concentric_impassable,
          nicolae_twisty_statue_hallways, uniq_crazy_yiuf_cottage
D:4:      layout_basic, nicolae_vehumet_radiance
D:5:      layout_layer_cave
D:6:      layout_loops_ring, grunt_gozag_breadcrumbs,
          nicolae_overflow_hidden_temple
D:7:      layout_rooms, grunt_temple_overflow_growth_and_decay,
          nicolae_dithmenos_the_darkroom, mainiacjoe_overflow_cross_hatched,
          mainiacjoe_overflow_chevrons, minmay_temple_entry_butterflies,
          ebering_ghost_reflecting_pool
D:8:      kennysheep_ambush_hall, layout_basic, uniq_psyche
D:9:      layout_irregular_city, mainiacjoe_overflow_catwalk_spiral
D:10:     layout_roguey, nicolae_qazlal_eye_of_the_storm,
          lemuel_coloured_pillars_altar, nicolae_transporter_circle, uniq_grum
D:11:     wad_river_or_something, layout_layer_cave, erik_lair_island
Temple:   chequers_temple_sunken

Skill      XL: |  1  2  3  4  5  6  7  8  9 10 11 |
---------------+----------------------------------+-----
Dodging        | 3 4 5 7 8 9 10 13 | 13.7
Ranged Weapons | 5 6 7 9 10 12 | 12.1
Fighting       | 2 3 4 5 |  5.0
Invocations    | 4 |  4.1
Stealth        | |  1.5

Action                     |  1- 3 |  4- 6 |  7- 9 | 10-12 || total
---------------------------+-------+-------+-------+-------++-------
   Fire: Shortbow          |    70 |   115 |    45 |       ||   230
         Orcbow            |       |       |    94 |       ||    94
         Arbalest          |       |       |    96 |   143 ||   239
 Invoke: Heroism           |       |       |       |     3 ||     3
    Use: Scroll            |     4 |    10 |     4 |     3 ||    21
         Potion            |     1 |     3 |     2 |     1 ||     7
 Armour: Robe              |     3 |     3 |    20 |    28 ||    54
  Dodge: Dodged            |     9 |    13 |   135 |   236 ||   393

Table legend:
 A = Non-vault XP
 B = Vault XP
 C = Vault XP percentage of total XP
 D = Non-vault monster count
 E = Vault monster count
 F = Vault count percentage of total count
                 A         B        C        D         E       F
            +---------+---------+-------+---------+---------+-------
      Total |    9399 |    1924 |  17.0 |     195 |      20 |   9.3
            +---------+---------+-------+---------+---------+-------
        D:1 |      41 |       0 |   0.0 |      21 |       0 |   0.0
        D:2 |      58 |      36 |  38.3 |      17 |       1 |   5.6
        D:3 |      84 |       0 |   0.0 |      12 |       0 |   0.0
        D:4 |     474 |       0 |   0.0 |      22 |       0 |   0.0
        D:5 |     284 |       0 |   0.0 |       9 |       0 |   0.0
        D:6 |    1669 |       0 |   0.0 |      26 |       0 |   0.0
        D:7 |     916 |       0 |   0.0 |      22 |       0 |   0.0
        D:8 |     556 |     951 |  63.1 |      12 |       9 |  42.9
        D:9 |    2543 |       0 |   0.0 |      37 |       0 |   0.0
       D:10 |    2526 |     411 |  14.0 |      13 |       3 |  18.8
       D:11 |     248 |     526 |  68.0 |       4 |       7 |  63.6
            +---------+---------+-------+---------+---------+-------
